 Dungeon Crawl Stone Soup version 0.21-a0-591-g2314aa1 (webtiles) character file.

28 rabbitfr the Insei (level 3, 8/23 HPs)
             Began as an Octopode Transmuter on Dec 22, 2017.
             Quit the game on level 2 of the Dungeon.
             The game lasted 00:01:49 (1290 turns).

rabbitfr the Insei (Octopode Transmuter)            Turns: 1290, Time: 00:01:49

Health: 8/23       AC:  1    Str:  9    XL:     3   Next: 12%
Magic:  6/6        EV: 13    Int: 16    God:
Gold:   34         SH:  0    Dex: 12    Spells: 5/6 levels left

rFire    . . .     SeeInvis .   a - -2 hunting sling (curse)
rCold    . . .     Gourm    .   (no shield)
rNeg     . . .     Faith    .   (helmet restricted)
rPois    .         Spirit   .   (no amulet)
rElec    .         Reflect  .   (no ring)
rCorr    .         Harm     .   (no ring)
MR       .....                  (no ring)
Stlth    ++........             (no ring)
HPRegen  0.07/turn              (no ring)
MPRegen  0.10/turn              (no ring)
                                (no ring)
                                (no ring)

@: drained
A: almost no armour, stealthy swim, amphibious, 8 rings, constrict 8, camouflage
1, gelatinous body 1
a: no special abilities


You were on level 2 of the Dungeon.
You were not hungry.

You visited 1 branch of the dungeon, and saw 2 of its levels.

You collected 34 gold pieces.

Inventory:

Hand Weapons
 a - a cursed -2 hunting sling (weapon)
Missiles
 d - 56 stones (quivered)
 h - 12 arrows
Potions
 e - a potion of heal wounds {unknown}
 g - a potion of resistance {unknown}
Books
 b - a book of Changes

   Spells                             Type                      Level
   a - Beastly Appendage              Transmutation                1
   b - Sticks to Snakes               Transmutation                2
   c - Spider Form                    Transmutation/Poison         3
   d - Ice Form                       Ice/Transmutation            4
   e - Blade Hands                    Transmutation                5
Comestibles
 c - a ration


   Skills:
 + Level 1.5(1.4) Fighting
 - Level 2.0(1.9) Dodging
 * Level 3.5(3.4) Unarmed Combat
 - Level 2.0(1.9) Spellcasting
 * Level 2.6(2.5) Transmutations


You had 5 spell levels left.
You knew the following spells:

 Your Spells              Type           Power        Failure   Level  Hunger
a - Beastly Appendage     Tmut           #.....       8%          1    #......


Dungeon Overview and Level Annotations

Branches:
Dungeon (2/15)

Altars:


Innate Abilities, Weirdness & Mutations

You cannot wear most types of armour.
You are very stealthy in the water. (Stealth+)
You are amphibious.
You can wear up to eight rings at the same time.
You can use your tentacles to constrict eight enemies at once.
Your skin changes colour to match your surroundings (Stealth+).
Your rubbery body absorbs attacks. (AC +1, EV +1)


Message History

You hear a bark!
The quokka closely misses you.
You hear a bark! x2
You barely miss the quokka. Your grab misses the quokka.
The quokka is severely wounded.
The jackal closely misses you. The quokka bites you.
The jackal closely misses you. The quokka bites you.
You closely miss the quokka. Your grab misses the quokka.
Your tentacle-slap misses the quokka.
You squeeze the quokka.
You kill the quokka!
The jackal bites you but does no damage.
The jackal closely misses you. The jackal bites you.
A jackal comes into view.
A jackal comes into view.
The jackal closely misses you.
Things that are here:
7 stones; a quokka corpse A jackal comes into view.
The jackal misses you.
Are you sure you want to abandon this character and quit the game? (Confirm with "yes".)

#.....# ..
. .....#
..
.##.....
.#
......##(#
#...h#..#
#.....h.
#..h#.#
#.#.(@#
##...h##
#....<.#
#......#
.........#
.##......#
g #......#
#.......
........


You could see 4 jackals.

Vanquished Creatures
  2 dart slugs (D:1)
  A leopard gecko (D:1)
  A ball python (D:1)
  3 bats (D:1)
  A giant cockroach (D:1)
  3 goblins (D:1)
  3 hobgoblins (D:1)
  A jackal (D:1)
  2 kobolds (D:1)
  A quokka (D:2)
  A frilled lizard (D:1)
19 creatures vanquished.

Notes
Turn   | Place    | Note
-------+----------+-------------------------------------------
     0 | D:1      | rabbitfr the Octopode Transmuter began the quest for the Orb.
     0 | D:1      | Reached XP level 1. HP: 13/13 MP: 3/3
   128 | D:1      | Reached XP level 2. HP: 16/18 MP: 5/5
  1048 | D:1      | Reached XP level 3. HP: 23/23 MP: 6/6
  1290 | D:2      | Quit the game

Vault maps used:
D:1:      dpeg_arrival_brainrot
D:2:      uniq_natasha, uniq_robin

Action                   || total
-------------------------++-------
Melee: Unarmed           ||    36
       Constrict         ||    11
       Tentacles         ||     4
       Punch             ||     1
       Hunting sling     ||     3
 Fire: Hunting sling     ||    42
  Use: Scroll            ||     2
 Stab: Sleeping          ||     5
  Eat: Chunk             ||     1
Armor: Skin              ||     4
Dodge: Dodged            ||    60

Table legend:
 A = Spawn XP
 B = Non-spawn XP
 C = Spawn XP percentage of total XP
 D = Spawn monster count
 E = Non-spawn monster count
 F = Spawn count percentage of total count
 G = Total turns spent on level
                    A         B        C        D         E        F      G
               +---------+---------+-------+---------+---------+-------+---------
         Total |       0 |      40 |   0.0 |       0 |      19 |   0.0 |  1290
               +---------+---------+-------+---------+---------+-------+---------
           D:1 |       0 |      38 |   0.0 |       0 |      18 |   0.0 |  1272
           D:2 |       0 |       2 |   0.0 |       0 |       1 |   0.0 |    18
               +---------+---------+-------+---------+---------+-------+---------
